 Dungeon Crawl Stone Soup version 0.31.0-4-g52a2dc7128 (webtiles) character file.

Game seed: 9529861277179197484

100 DemonSlayer the Digger (level 4, -17/30 HPs)
             Began as a Demonspawn Earth Elementalist on Jan 22, 2024.
             Was an Initiate of Dithmenos.
             Killed by an exploding adder (44 damage)
             ... ignited by their inner flame
             ... on level 5 of the Dungeon.
             The game lasted 00:08:37 (2268 turns).

DemonSlayer the Digger (DsEE)                       Turns: 2268, Time: 00:08:39

Health: -17/30     AC:  4    Str:  9    XL:     4   Next: 47%
Magic:  7/8        EV: 12    Int: 15    God:    Dithmenos [......]
Gold:   59         SH:  4    Dex: 15    Spells: 4/8 levels left

rFire   . . .        d - +2 dagger (vamp)
rCold   . . .        (no shield)
rNeg    . . .        a - +0 robe
rPois   .            k - +1 hat
rElec   .            (no cloak)
rCorr   .            (no gloves)
SInv    .            f - +0 pair of boots
Will    .....        (no amulet)
Stlth   ++           j - ring of flight
HPRegen 0.25/turn    (no ring)
MPRegen 0.11/turn

%: no passive effects
@: flying
A: large bone plates 1
a: Renounce Religion


You were on level 5 of the Dungeon.
You worshipped Dithmenos.
Dithmenos was noncommittal.
You visited 2 branches of the dungeon, and saw 6 of its levels.

You collected 119 gold pieces.
You spent 60 gold pieces at shops.

Inventory:

Hand Weapons
 d - a +2 vampiric dagger (weapon)
Armour
 a - a +0 robe (worn)
 f - a +0 pair of boots (worn)
 k - a +1 hat (worn)
Jewellery
 j - a ring of flight (left hand)
Scrolls
 c - a scroll of vulnerability
 i - a scroll of noise
Potions
 b - a potion of magic
 g - 2 potions of lignification
 h - a potion of curing
 m - a potion of brilliance {unknown}


   Skills:
 + Level 1.8 Dodging
 + Level 2.2 Stealth
 + Level 0.1 Shields
 + Level 2.7 Spellcasting
 + Level 1.0 Conjurations
 + Level 4.1 Earth Magic


You had 4 spell levels left.
You knew the following spells:

 Your Spells              Type           Power      Damage    Failure   Level
a - Sandblast             Erth           28%        2d8       3%          1
b - Stone Arrow           Conj/Erth      18%        3d8       22%         3

Your spell library contained the following spells:

 Spells                   Type           Power      Damage    Failure   Level
 Passwall                 Erth           14%        N/A       11%         3
 Static Discharge         Conj/Air       6%         3-4/arc   26%         2
 Call Imp                 Summ           4%         N/A       30%         2
 Sublimation of Blood     Necr           2%         N/A       30%         2
 Tukima's Dance           Hex            2%         N/A       52%         3
 Brom's Barrelling Bould  Conj/Erth      9%         2d3       56%         4
 Petrify                  Alch/Erth      8%         N/A       65%         4
 Airstrike                Air            1%         2d(1-17)  90%         4
 Passage of Golubria      Tloc           2%         N/A       90%         4
 Summon Lightning Spire   Summ/Air       2%         N/A       90%         4
 Yara's Violent Unravell  Hex/Alch       1%         3d3       99%         5
 Sculpt Simulacrum        Ice/Alch       1%         N/A       100%        6
 Ozocubu's Refrigeration  Ice            1%         4d7       100%        7
 Summon Hydra             Summ           1%         N/A       100%        7
 Polar Vortex             Ice            1%         N/A       100%        9


Dungeon Overview and Level Annotations

Branches:
Dungeon (5/15)             Temple (1/1) D:4

Altars:
Ashenzari
Cheibriados
Dithmenos
Fedhas
Hepliaklqana
Kikubaaqudgha
Makhleb
Nemelex Xobeh
Okawaru
Qazlal
Ru
Sif Muna
Trog
Wu Jian
Xom
Yredelemnul

Shops:
D:2 **!

Annotations:
D:2 Sigmund
D:3 Ijyb
D:4 1 runed translucent door, dchavez06's ghost, amateur KoAl


Innate Abilities, Weirdness & Mutations

You are partially covered in large bone plates. (SH +4)


Message History

The black bear bites you but does no damage.
The black bear closely misses you. The black bear claws you.
The black bear attacks as it pursues you!
The black bear misses you. The black bear claws you.
The black bear claws you but does no damage.
The black bear attacks as it pursues you!
The black bear bites you but does no damage.
The black bear claws you but does no damage. x2
There is an escape hatch in the floor here.
The black bear bites you. The black bear closely misses you.
The black bear barely misses you.
You fly downwards.
The hatch slams shut behind you.
The adder hisses angrily.
Found a book of Winter.
Found a stone staircase leading down.
As you read the scroll labelled DOZEAF ETO RAE, it crumbles to dust.
The creatures around you are filled with an inner flame!
It was a scroll of immolation.
The iguana hisses angrily.
The adder hisses angrily.
The black bear completely misses you.
The black bear claws you but does no damage. x2
The iguana bites you!
You feel much better. The adder bites you.
The black bear bites you but does no damage.
The black bear claws you but does no damage.
You block the black bear's attack. The iguana barely misses you.
The adder closely misses you. You block the adder's attack.
The adder closely misses you. The iguana closely misses you.
The adder closely misses you.
There is a stone staircase leading down here.
The adder attacks as it pursues you! The adder bites you. The adder misses you.
The blast of sand hits the adder!
Flame seeps out of the adder.
The adder is severely wounded.
The adder is engulfed in blazing flames.
Dithmenos accepts your kill.
The adder explodes!
The fiery explosion engulfs you!!!
Ouch! That really hurt!
You die...

############
#........... ###
#...........
.....####l..........
.......@○Sh......:..
.....####§..........
... #........... .
#...........
....######### .....#
.......# .......#
.......#


You could see a black bear (inner flame), an iguana (inner flame) and an adder
(inner flame).

Vanquished Creatures
  A jelly (D:4)
  An adder (D:5)
  3 gnolls (D:4)
  A ribbon worm (D:2)
  A dart slug (D:1)
  An orc (D:4)
  4 ball pythons
  2 bats (D:1)
  3 endoplasms
  A giant cockroach (D:3)
  A goblin (D:2)
  A hobgoblin (D:4)
  2 jackals (D:1)
  5 quokkas
  2 frilled lizards (D:2)
  3 kobolds
  4 rats
36 creatures vanquished.

Notes
Turn   | Place    | Note
-------+----------+-------------------------------------------
     0 | D:1      | DemonSlayer the Demonspawn Earth Elementalist began the
                  | quest for the Orb.
     0 | D:1      | Reached XP level 1. HP: 13/13 MP: 3/3
   178 | D:1      | Reached skill level 3 in Earth Magic
   198 | D:1      | Found a faded altar of an unknown god.
   263 | D:1      | Gained mutation: You are partially covered in large bone
                  | plates. (SH +4) [demonic ancestry]
   263 | D:1      | Reached XP level 2. HP: 19/19 MP: 3/5
  1118 | D:2      | Found Bytta's Distillery.
  1194 | D:2      | Bought a potion of heal wounds for 60 gold pieces
  1243 | D:2      | Found Qacalol's Assorted Antiques.
  1276 | D:2      | Found Kompavash's Assorted Antiques.
  1290 | D:2      | Noticed Sigmund
  1319 | D:3      | Noticed a bombardier beetle
  1331 | D:3      | Reached XP level 3. HP: 19/24 MP: 2/6
  1618 | D:3      | Noticed Ijyb
  1712 | D:4      | Found a staircase to the Ecumenical Temple.
  1726 | Temple   | Entered the Ecumenical Temple
  1761 | Temple   | Became a worshipper of Dithmenos the Shadowed
  1801 | D:4      | Learned a level 3 spell: Stone Arrow
  1889 | D:4      | Found a runed translucent door.
  1889 | D:4      | Noticed dchavez06's ghost (amateur KoAl)
  1899 | D:4      | Reached XP level 4. HP: 30/30 MP: 5/7
  1970 | D:4      | Reached skill level 4 in Earth Magic
  2249 | D:4      | Noticed a black bear
  2260 | D:5      | Entered Level 5 of the Dungeon
  2268 | D:5      | Killed by an exploding adder... ignited by their inner
                  | flame

Illustrated notes

Levels and vault maps discovered:
D:1:      ncdulo_halloftheorcs, layout_basic, ebering_ecumenical_altar_box
D:2:      layout_basic, serial_shops, shop, nicolae_shop_gibbet_a_chance, shop,
          nicolae_shop_overgrown_old_shop, minmay_pentomino_x4, uniq_natasha,
          uniq_sigmund
D:3:      layout_rooms, nicolae_gozag_cash_rules_everything_around_me,
          serial_glass, glass_columns_a, glass_columns_c,
          minmay_strange_pillars, item_on_display_a, due_unseen_surprise,
          minmay_strange_pillars, hex_intersection, uniq_robin, uniq_grinder,
          uniq_ijyb
D:4:      layout_basic, vehumet_crystals, minmay_temple_entry_antechambers,
          gammafunk_ghost_grave, uniq_crazy_yiuf_cottage
D:5:      layout_basic, ebering_ghost_rock_garden, serial_park_tiny_1,
          uniq_pikel
Temple:   hellmonk_temple_of_storms

Skill      XL: |  1  2  3  4 |
---------------+-------------+-----
Earth Magic    | 3 4 |  4.1
Stealth        | 2 |  2.2
Dodging        | |  1.8
Shields        | |  0.1
Spellcasting   | |  2.7
Conjurations   | |  1.0

Action                     |  1- 3 |  4- 6 || total
---------------------------+-------+-------++-------
  Melee: Dagger            |    14 |       ||    14
   Cast: Sandblast         |    40 |    13 ||    53
    Use: Scroll            |     4 |     1 ||     5
         Potion            |       |     1 ||     1
   Stab: Sleeping          |     4 |       ||     4
 Armour: Robe              |    18 |    22 ||    40
  Dodge: Dodged            |    17 |    18 ||    35
  Block: Other             |     7 |     3 ||    10
